 Dungeon Crawl Stone Soup version 0.22.0-13-g43fe8f2 (webtiles) character file.

488 Faca the Spear-Bearer (level 7, -1/58 HPs)
             Began as a Merfolk Gladiator on Aug 16, 2018.
             Killed from afar by an orc wizard (5 damage)
             ... with a puff of frost
             ... on level 4 of the Dungeon.
             The game lasted 00:09:26 (3753 turns).

Faca the Spear-Bearer (Merfolk Gladiator)           Turns: 3753, Time: 00:09:26

Health: -1/58      AC: 11    Str: 14    XL:     7   Next: 13%
Magic:  7/7        EV: 12    Int:  8    God:
Gold:   88         SH:  0    Dex: 15    Spells: 6/6 levels left

rFire    . . .     SeeInvis +   a - +0 trident
rCold    . . .     Gourm    .   (no shield)
rNeg     . . .     Faith    .   g - +0 ring mail
rPois    .         Spirit   .   c - +0 helmet
rElec    .         Reflect  .   s - +0 cloak
rCorr    .         Harm     .   r - +0 pair of gloves
MR       .....                  z - +0 pair of boots (curse)
Stlth    +.........             (no amulet)
HPRegen  0.19/turn              q - ring of see invisible
MPRegen  0.10/turn              (no ring)

@: no status effects
A: change form in water, swift swim, stealthy swim, slimy green scales 1,
mutation resistance 1, weak 1
a: no special abilities


You were on level 4 of the Dungeon.
You were not hungry.

You visited 1 branch of the dungeon, and saw 4 of its levels.

You collected 88 gold pieces.

Inventory:

Hand Weapons
 a - a +0 trident (weapon)
 x - a cursed -2 spear
Missiles
 d - 4 throwing nets
 t - 82 stones (quivered)
Armour
 c - a +0 helmet (worn)
 g - a +0 ring mail (worn)
 j - a +0 shield
 r - a +0 pair of gloves (worn)
 s - a +0 cloak (worn)
 z - a cursed +0 pair of boots (worn)
 B - a +0 chain mail
Jewellery
 q - a ring of see invisible (left hand)
Scrolls
 b - 10 scrolls of identify {unknown}
 i - a scroll of fog {unknown}
 k - 3 scrolls of teleportation {unknown}
 l - a scroll of immolation {unknown}
 n - 5 scrolls of remove curse {unknown}
 o - a scroll of magic mapping {unknown}
 w - a scroll of random uselessness {unknown}
 y - a scroll of enchant armour {unknown}
 A - a scroll of fear {unknown}
Potions
 e - a potion of mutation
 h - a potion of ambrosia {unknown}
 m - a potion of heal wounds {unknown}
 p - a potion of haste {unknown}
 u - a potion of cancellation {unknown}
 v - a potion of curing {unknown}
Comestibles
 f - 7 rations


   Skills:
 + Level 6.0 Fighting
 + Level 8.6 Polearms
 - Level 2.0 Throwing
 - Level 4.0 Dodging


You had 6 spell levels left.
You didn't know any spells.
Your spell library contained the following spells:

 Spells                   Type           Power        Failure   Level  Hunger
 Apportation              Tloc           #.....       65%         1    ##.....
 Summon Small Mammal      Summ           #...         65%         1    ##.....
 Animate Skeleton         Necr           N/A          65%         1    ##.....
 Confusing Touch          Hex            #.....       65%         1    ##.....


Dungeon Overview and Level Annotations

Branches:
Dungeon (4/15)
 Temple: D:4-7

Altars:
Yredelemnul


Innate Abilities, Weirdness & Mutations

You revert to your normal form in water.
You are very nimble and swift while swimming.
You are very stealthy in the water. (Stealth+)
You are partially covered in slimy green scales. (AC +2)
You are somewhat resistant to further mutation.
You are weak. (Str -2)


Message History

The magic dart hits you!
* * * LOW HITPOINT WARNING * * *
You puncture the orc wizard!
You kill the orc wizard!
Your Fighting skill increases to level 6!
The orc wizard hits you but does no damage.
The orc wizard points at you and mumbles some strange words.
The magic dart hits the orc wizard.
Items here: ) [ †† a dagger; a robe; an orc corpse; a ball python corpse You see here a ring mail.
The orc wizard looks braver for a moment.
The orc wizard closely misses you. The orc wizard casts a spell at you.
The puff of frost hits you!
* * * LOW HITPOINT WARNING * * *
There is a stone staircase leading up here.
The orc wizard gestures at you while chanting.
The puff of frost hits you!
You die...

..# #.# # ##.# #.
..######## ### #.##..
..#.. ..#
#....###.#.####.#
...###...<#.#.#..#.#
>.............#.@#.#######
.................o........
##.#.#.######.#..#o###+##
# #. #..#.#.# #. #..#.#.#
#. #####....#.# #.
#.....#..#o# .o #.
#.#####..#.# o. #.# ##.#.#
#+####### o#


You could see 2 orc wizards.

Vanquished Creatures
  A phantom (D:3)
  Crazy Yiuf (D:2)
  2 orc priests
  A bullfrog skeleton (D:4)
  2 orc wizards
  Jessica (D:2)
  4 gnolls (D:3)
  8 adders
  5 worms
  3 dart slugs
  A leopard gecko (D:2)
  7 orcs
  3 ball pythons
  2 bats
  3 giant cockroaches
  7 goblins
  7 hobgoblins
  7 jackals
  3 kobolds
  2 quokkas
  3 frilled lizards (D:3)
  8 rats
  A spectral orc (D:3)
82 creatures vanquished.

Notes
Turn   | Place    | Note
-------+----------+-------------------------------------------
     0 | D:1      | Faca the Merfolk Gladiator began the quest for the Orb.
     0 | D:1      | Reached XP level 1. HP: 16/16 MP: 1/1
   154 | D:1      | Reached XP level 2. HP: 23/23 MP: 2/2
   595 | D:2      | Reached skill level 5 in Polearms
   938 | D:2      | Reached XP level 3. HP: 28/29 MP: 3/3
  1043 | D:2      | Reached XP level 4. HP: 13/36 MP: 4/4
  1345 | D:2      | Reached skill level 6 in Polearms
  1444 | D:2      | Noticed Jessica
  1456 | D:2      | Killed Jessica
  1771 | D:2      | Reached XP level 5. HP: 39/42 MP: 5/5
  1799 | D:2      | Found a runed door.
  1803 | D:2      | Noticed Crazy Yiuf
  1813 | D:2      | Killed Crazy Yiuf
  2500 | D:3      | Reached skill level 7 in Polearms
  2788 | D:3      | Reached XP level 6. HP: 47/50 MP: 6/6
  2912 | D:3      | Noticed a phantom
  2929 | D:3      | Reached skill level 5 in Fighting
  2950 | D:3      | Killed a phantom
  3194 | D:3      | Reached skill level 8 in Polearms
  3305 | D:3      | Found a basalt altar of Yredelemnul.
  3649 | D:4      | Reached XP level 7. HP: 57/57 MP: 7/7
  3723 | D:4      | Gained mutation: You are partially covered in slimy green scales. (AC +2) [potion of mutation]
  3723 | D:4      | Gained mutation: You are somewhat resistant to further mutation. [potion of mutation]
  3723 | D:4      | Gained mutation: You are weak. (Str -2) [potion of mutation]
  3753 | D:4      | Killed from afar by an orc wizard

Skill      XL: |  1  2  3  4  5  6  7 |
---------------+----------------------+-----
Polearms       | 5 6 7 8 |  8.6
Fighting       | 3 4 5 6 |  6.0
Throwing       | |  2.0
Dodging        | |  4.0

Action                   |  1- 3 |  4- 6 |  7- 9 || total
-------------------------+-------+-------+-------++-------
Melee: Trident           |    91 |   247 |    33 ||   371
Throw: Stone             |       |       |     2 ||     2
  Use: Potion            |       |       |     1 ||     1
  Eat: Chunk             |       |     4 |       ||     4
       Ration            |       |     2 |       ||     2
Armor: Ring mail         |    25 |    51 |    17 ||    93
Dodge: Dodged            |    54 |   143 |    23 ||   220
